 Dungeon Crawl Stone Soup version 0.23-a0-359-g9beedce (webtiles) character file.

324 Faust the Purveyor of Pain (level 6, -18/32 HPs)
             Began as a Deep Elf Necromancer on Oct 22, 2018.
             Was an Initiate of Kikubaaqudgha.
             Demolished by an ogre
             ... wielding a +0 giant club
              (26 damage)
             ... on level 5 of the Dungeon on Oct 23, 2018.
             The game lasted 00:55:18 (5188 turns).

Faust the Purveyor of Pain (Deep Elf Necromancer)   Turns: 5188, Time: 00:55:19

Health: -18/32     AC:  2    Str:  5    XL:     6   Next: 23%
Magic:  15/16      EV: 12    Int: 22    God:    Kikubaaqudgha [......]
Gold:   165        SH:  0    Dex: 11    Spells: 4/16 levels left

rFire    + . .     SeeInvis +   g - +8 hunting sling of the Warrior-Mage {flame, MR+ Dex-4 SInv Stlth+}
rCold    . . .     Gourm    .   (no shield)
rNeg     . . .     Faith    .   a - +0 robe
rPois    .         Spirit   .   (no helmet)
rElec    .         Reflect  .   (no cloak)
rCorr    .         Harm     +   (no gloves)
MR       +....                  (no boots)
Stlth    +++.......             d - amulet of harm
HPRegen  0.10/turn              f - ring of protection from fire
MPRegen  0.15/turn              i - ring of see invisible

@: about to teleport
A: no striking features
a: Renounce Religion


You were on level 5 of the Dungeon.
You worshipped Kikubaaqudgha.
Kikubaaqudgha was noncommittal.
You were hungry.

You visited 1 branch of the dungeon, and saw 5 of its levels.

You collected 165 gold pieces.

Inventory:

Hand Weapons
 g - the +8 hunting sling of the Warrior-Mage (weapon) {flame, MR+ Dex-4 SInv Stlth+}
   (You found it on level 4 of the Dungeon)

   It causes projectiles fired from it to burn those they strike, causing extra
   injury to most foes and up to half again as much damage against particularly
   susceptible opponents.
   It affects your dexterity (-4).
   It affects your resistance to hostile enchantments.
   It lets you see invisible.
   It makes you more stealthy.
Missiles
 l - 111 stones (quivered)
Armour
 a - a +0 robe (worn)
Jewellery
 d - an amulet of harm (around neck)
 f - a ring of protection from fire (left hand)
 i - a ring of see invisible (right hand)
 n - a +3 ring of strength
Wands
 o - a wand of iceblast (8)
Scrolls
 e - 3 scrolls of identify
 k - 2 scrolls of remove curse
 m - a scroll of amnesia
 p - a scroll of blinking
 q - a scroll of magic mapping {unknown}
Potions
 b - a potion of invisibility {unknown}
 h - 2 potions of flight
 r - a potion of might {unknown}
 s - a potion of brilliance
Comestibles
 c - 5 rations


   Skills:
 + Level 0.1 Fighting
 + Level 0.2 Slings
 + Level 2.4 Dodging
 + Level 2.7 Stealth
 + Level 5.9 Spellcasting
 + Level 7.6 Necromancy


You had 4 spell levels left.
You knew the following spells:

 Your Spells              Type           Power        Failure   Level  Hunger
a - Pain                  Necr           ####         1%          1    None
b - Animate Skeleton      Necr           N/A          1%          1    None
c - Vampiric Draining     Necr           #####.....   1%          3    #......
d - Regeneration          Chrm/Necr      ###.......   6%          3    #......
e - Animate Dead          Necr           N/A          4%          4    ###....

Your spell library contained the following spells:

 Spells                   Type           Power        Failure   Level  Hunger


Dungeon Overview and Level Annotations

Branches:
Dungeon (5/15)
 Temple: D:4-7

Altars:
Kikubaaqudgha
Wu Jian


Message History

Confirm with . or Enter, or press ? or * to list all spells.
Aiming: Pain (safe; 1% risk of failure)
Press: ? - help, Shift-Dir - straight line, f/p - ogre
Aim: an ogre, wielding a +0 giant club (chance to defeat MR: 84%)
The ogre writhes in agony!
The ogre barely misses you.
Casting: Pain (safe; 1% risk of failure)
Confirm with . or Enter, or press ? or * to list all spells.
Aiming: Pain (safe; 1% risk of failure)
Press: ? - help, Shift-Dir - straight line, f/p - ogre
Aim: an ogre, wielding a +0 giant club (lightly wounded, chance to defeat MR: The ogre writhes in agony!
The ogre hits you with a +0 giant club!!
Ouch! That really hurt!
* * * LOW HITPOINT WARNING * * *
As you read the scroll of teleportation, it crumbles to dust.
You feel strangely unstable.
The ogre hits you with a +0 giant club!!
Ouch! That really hurt!
You die...
Kikubaaqudgha rasps: "You have failed me!
Welcome... death!"

#.# ## #.#.. #.#
.. #... #.# .#
#... ##.##.## #..#
....... #..#
#...... ####..###
#..#... #.......#
#..#..# #@.#.#
#..#..#
#.O#.#######......
#....o.......(....
##.#.######..<..#.
#..#.# #..##...
......# #..###.#
###..### #..# #.#
#..# #..# #.# #..#
#..# #..


You could see an ogre.

Vanquished Creatures
  A howler monkey (D:4)
  A hound (D:4)
  An orc priest (D:4)
  An orc wizard (D:4)
  Ijyb (D:4)
  2 worker ants (D:4)
  2 adders (D:2)
  3 gnolls (D:3)
  2 worms (D:3)
  A dart slug (D:1)
  A leopard gecko (D:1)
  An orc (D:4)
  A ball python (D:3)
  8 bats
  A giant cockroach (D:4)
  12 goblins
  10 hobgoblins
  6 jackals
  10 frilled lizards
  7 kobolds
  11 rats
83 creatures vanquished.

Vanquished Creatures (collateral kills)
  An adder (D:2)
  An ooze (D:2)
  A dart slug (D:1)
  3 orcs
  2 giant cockroaches
  2 goblins (D:1)
  A ball python (D:2)
  2 rats
13 creatures vanquished.

Grand Total: 96 creatures vanquished

Notes
Turn   | Place    | Note
-------+----------+-------------------------------------------
     0 | D:1      | Faust the Deep Elf Necromancer began the quest for the Orb.
     0 | D:1      | Reached XP level 1. HP: 10/10 MP: 6/6
    44 | D:1      | Learned a level 1 spell: Animate Skeleton
   250 | D:1      | Reached skill level 5 in Necromancy
   620 | D:1      | Reached XP level 2. HP: 15/15 MP: 6/8
  1240 | D:1      | Reached XP level 3. HP: 15/19 MP: 5/10
  1245 | D:1      | Learned a level 3 spell: Regeneration
  1249 | D:1      | Learned a level 3 spell: Vampiric Draining
  2029 | D:2      | Reached skill level 6 in Necromancy
  2029 | D:2      | Reached XP level 4. HP: 15/24 MP: 1/12
  2366 | D:3      | Learned a level 4 spell: Animate Dead
  2417 | D:3      | Found an ornate altar of the Wu Jian Council.
  3628 | D:4      | Got a crystal hunting sling
  3629 | D:4      | Identified the +8 hunting sling of the Warrior-Mage {flame,
                  | MR+ Dex-4 SInv Stlth+} (You found it on level 4 of the
                  | Dungeon)
  3631 | D:4      | Upgraded the game from 0.23-a0-358-g98c7a59 to
                  | 0.23-a0-359-g9beedce
  3654 | D:4      | Reached XP level 5. HP: 27/28 MP: 12/14
  3669 | D:4      | Learned a level 3 spell: Regeneration
  3730 | D:4      | Reached skill level 5 in Spellcasting
  4139 | D:4      | Noticed Ijyb
  4156 | D:4      | Killed Ijyb
  4463 | D:4      | Reached skill level 7 in Necromancy
  4485 | D:4      | Reached XP level 6. HP: 22/32 MP: 4/16
  4689 | D:4      | Found an ancient bone altar of Kikubaaqudgha.
  4707 | D:4      | Became a worshipper of Kikubaaqudgha
  5146 | D:5      | Entered Level 5 of the Dungeon
  5188 | D:5      | Demolished by an ogre

Vault maps used:
D:1:      psy_arrival_basics
D:2:      first_ration
D:3:      lemuel_round_altar
D:4:      kennysheep_the_goblin_king, overflow_temple_1_default
D:5:      lemuel_doored_altar, minmay_temple_entry_enclosed_plants,
          minmay_crossroads, uniq_sigmund

Skill      XL: |  1  2  3  4  5 |
---------------+----------------+-----
Necromancy     | 5 6 7 |  7.6
Spellcasting   | 4 5 |  5.9
Fighting       | |  0.1
Slings         | |  0.2
Dodging        | |  2.4
Stealth        | |  2.7

Action                   |  1- 3 |  4- 6 || total
-------------------------+-------+-------++-------
Melee: Short sword       |     6 |     9 ||    15
 Fire: Hunting sling     |       |    20 ||    20
 Cast: Pain              |    48 |    63 ||   111
       Animate Skeleton  |    27 |    18 ||    45
       Vampiric Draining |     2 |    11 ||    13
       Regeneration      |     1 |     1 ||     2
       Animate Dead      |       |     3 ||     3
  Use: Scroll            |     4 |     3 ||     7
       Potion            |     1 |       ||     1
  Eat: Chunk             |     3 |     7 ||    10
       Ration            |       |     1 ||     1
Armor: Robe              |     1 |     4 ||     5
Dodge: Dodged            |    10 |    14 ||    24

Table legend:
 A = Non-vault XP
 B = Vault XP
 C = Vault XP percentage of total XP
 D = Non-vault monster count
 E = Vault monster count
 F = Vault count percentage of total count
                 A         B        C        D         E       F
            +---------+---------+-------+---------+---------+-------
      Total |     421 |      43 |   9.3 |      89 |       7 |   7.3
            +---------+---------+-------+---------+---------+-------
        D:1 |      49 |       0 |   0.0 |      30 |       0 |   0.0
        D:2 |      54 |       0 |   0.0 |      18 |       0 |   0.0
        D:3 |      84 |       0 |   0.0 |      27 |       0 |   0.0
        D:4 |     233 |      43 |  15.6 |      13 |       7 |  35.0
        D:5 |       1 |       0 |   0.0 |       1 |       0 |   0.0
            +---------+---------+-------+---------+---------+-------
